 Dungeon Crawl Stone Soup version 0.29-a0-676-ga64570c9d2 (webtiles) character file.

Game seed: 2124249302184573353

4414 Sabo the Cleaver (level 10, -2/86 HPs)
             Began as a Hill Orc Fighter on June 24, 2022.
             Was an Elder of Uskayaw.
             Succumbed to Erica's bolt of poison
             ... on level 8 of the Dungeon.
             The game lasted 00:42:27 (10527 turns).

Sabo the Cleaver (Hill Orc Fighter)                Turns: 10527, Time: 00:42:28

Health: -2/86      AC: 20    Str: 24    XL:     10   Next: 36%
Magic:  10/10      EV:  9    Int:  8    God:    Uskayaw [****..]
Gold:   469        SH:  6    Dex: 16    Spells: 9/9 levels left

rFire   . . .      SeeInvis .   a - +0 war axe
rCold   . . .      Faith    .   c - +0 buckler
rNeg    . . .      Spirit   .   F - +0 chain mail
rPois   .          Reflect  .   p - +2 helmet
rElec   .          Harm     .   n - +0 cloak
rCorr   .          Rampage  .   u - +2 pair of gloves
Will    .....                   q - +0 pair of boots
Stlth   ..........              (no amulet)
HPRegen 0.24/turn               y - +6 ring of dexterity
MPRegen 0.12/turn               (no ring)

@: lethally poisoned (-2 -> -16)
A: no striking features
a: Renounce Religion, Stomp, Line Pass


You were on level 8 of the Dungeon.
You worshipped Uskayaw.
Uskayaw was noncommittal.
You visited 1 branch of the dungeon, and saw 8 of its levels.

You collected 469 gold pieces.

Inventory:

Hand Weapons
 a - a +0 war axe (weapon)
 d - a +2 quarterstaff of chaos
 m - a +4 mace
 s - a +2 flail of protection
 w - a +2 whip of freezing
 B - a +4 dagger of venom
 I - a +2 hunting sling of flaming
 J - a +2 hand axe of flaming
Missiles
 b - 2 atropa-tipped darts
 l - 5 javelins
 v - 12 poisoned darts
 A - 2 throwing nets (quivered)
 C - a curare-tipped dart
Armour
 c - a +0 buckler (worn)
 n - a +0 cloak (worn)
 p - a +2 helmet (worn)
 q - a +0 pair of boots (worn)
 u - a +2 pair of gloves (worn)
 F - a +0 chain mail (worn)
Jewellery
 y - a +6 ring of dexterity (left hand)
Wands
 r - a wand of charming (13)
 t - a wand of iceblast (7)
 z - a wand of flame (19)
Scrolls
 e - a scroll of summoning
 f - 4 scrolls of teleportation
 h - 2 scrolls of fear
 D - a scroll of identify
 G - 3 scrolls of poison
Potions
 g - a potion of haste {unknown}
 i - a potion of flight {unknown}
 j - a potion of invisibility
 k - 2 potions of heal wounds
 o - a potion of mutation {unknown}
 x - 3 potions of curing {unknown}
 E - a potion of degeneration {unknown}
 H - a potion of attraction {unknown}


   Skills:
 + Level 7.5 Fighting
 + Level 9.6(10.8) Axes
 + Level 6.6(8.4) Maces & Flails
 + Level 8.2 Armour
 + Level 3.1 Dodging
 + Level 3.6 Stealth
 + Level 5.8 Shields


You had 9 spell levels left.
You didn't know any spells.
Your spell library contained the following spells:

 Spells                   Type           Power      Damage    Failure   Level
 Sublimation of Blood     Necr           0%         N/A       99%         2
 Dazzling Flash           Conj/Hex       0%         N/A       100%        3
 Gell's Gravitas          Tloc           0%         N/A       100%        3
 Inner Flame              Hex/Fire       0%         N/A       100%        3
 Teleport Other           Tloc           0%         N/A       100%        3
 Cause Fear               Hex            0%         N/A       100%        4
 Iskenderun's Mystic Bla  Conj/Tloc      0%         2d3       100%        4
 Petrify                  Tmut/Erth      0%         N/A       100%        4
 Summon Ice Beast         Ice/Summ       0%         N/A       100%        4
 Irradiate                Conj/Tmut      0%         3d13      100%        5
 Summon Mana Viper        Hex/Summ       0%         N/A       100%        5
 Dispersal                Tloc           0%         N/A       100%        6
 Starburst                Conj/Fire      0%         6d3       100%        6
 Monstrous Menagerie      Summ           0%         N/A       100%        7
 Discord                  Hex            0%         N/A       100%        8


Dungeon Overview and Level Annotations

Branches:
Dungeon (8/15)             Temple (0/1) D:5
   Lair: D:8-11

Altars:
Ashenzari
Cheibriados
Makhleb
Sif Muna
Trog
Uskayaw
Wu Jian

Annotations:
D:8 Erica


Message History

Erica is lightly wounded.
Erica hits you but does no damage.
You slash Erica!
Erica is moderately wounded.
Erica looks angry.
Erica hits you but does no damage.
Uskayaw will force your foes to share their pain.
You hit Erica.
Erica is moderately wounded.
You block Erica's attack.
You closely miss Erica.
Erica is moderately wounded.
Erica barely misses you.
You closely miss Erica.
Erica is moderately wounded.
Erica casts a spell at you.
You are confused.
Erica hits you with a +3 scimitar of flaming!
Erica burns you.
Erica hits you with a +3 scimitar of flaming.
Erica burns you.
You slice Erica!!
Erica is severely wounded.
Erica points at you and mumbles some strange words.
The lance of force hits you.
You are knocked back by the lance of force.
You slam into the rock wall!
* * * LOW HITPOINT WARNING * * *
Uskayaw will force your foes to share their pain.
You are too confused!
Erica points at you and mumbles some strange words.
The bolt of poison hits you!!
You are poisoned.
* * * LOW HITPOINT WARNING * * *
You feel less confused.
* * * LOW HITPOINT WARNING * * *
You feel very sick.
You hit Erica.
Erica is severely wounded.
You die...

##............#.####......#
#.....#..##...#.####.....##
#..####...........###.....#
###..##.........>#.........#
##.....#...##....#...†.....##
#...........#.......[.#$...#
#..........##..##....###.###
##..........##.......##...#
##...(..........@@.........#
#....#.....................#
..##.............#..#......#
.####...........##..........
.# #....######.##......##..
.# ##..## #............. )#
###..# ##...........
.###.#.## ........##.
.)..)..#


You could see Erica.

Vanquished Creatures
  Pikel (D:8)
  A troll (D:8)
  A hornet (D:7)
  Prince Ribbit (D:8)
  A shadow (D:8)
  5 yaks (D:5)
  A steam dragon (D:7)
  2 sky beasts
  A black bear (D:8)
  2 ogres
  A centaur (D:7)
  A phantom (D:5)
  A kobold brigand (D:6)
  3 lemures (D:8)
  3 bullfrogs
  4 scorpions
  A necrophage (D:7)
  A gnoll sergeant (D:5)
  5 howler monkeys
  A jelly (D:6)
  Crazy Yiuf (D:2)
  5 orc priests
  3 hounds
  Jessica (D:2)
  7 iguanas
  5 orc wizards
  Robin (D:3)
  5 gnolls (D:5)
  7 adders
  2 shadow imps
  A white imp (D:6)
  2 ufetubi (D:4)
  A worm (D:3)
  6 dart slugs
  12 orcs
  11 ball pythons
  5 endoplasms
  3 giant cockroaches
  11 hobgoblins
  12 jackals
  16 kobolds
  5 quokkas
  5 bats
  2 frilled lizards
  17 goblins
  7 rats
190 creatures vanquished.

Vanquished Creatures (others)
  A hound (D:7)
  A fungus (D:2)
  A plant (D:3)
3 creatures vanquished.

Grand Total: 193 creatures vanquished

Notes
Turn   | Place    | Note
-------+----------+-------------------------------------------
     0 | D:1      | Sabo the Hill Orc Fighter began the quest for the Orb.
     0 | D:1      | Reached XP level 1. HP: 19/19 MP: 1/1
   164 | D:1      | Reached skill level 3 in Axes
   392 | D:1      | Reached XP level 2. HP: 26/27 MP: 2/2
   942 | D:1      | Reached XP level 3. HP: 33/33 MP: 3/3
  1219 | D:2      | Found a faded altar of an unknown god.
  1222 | D:2      | Prayed at the altar of an unknown god.
  1222 | D:2      | Became a worshipper of Uskayaw the Reveller
  1222 | D:2      | Reached * piety under Uskayaw
  1268 | D:2      | Noticed Jessica
  1280 | D:2      | Killed Jessica
  1281 | D:2      | Reached skill level 4 in Axes
  1281 | D:2      | Reached XP level 4. HP: 34/40 MP: 4/4
  1446 | D:2      | Reached ** piety under Uskayaw
  1815 | D:2      | Found a runed translucent door.
  1816 | D:2      | Noticed Crazy Yiuf
  1823 | D:2      | Killed Crazy Yiuf
  2025 | D:3      | Reached XP level 5. HP: 45/47 MP: 5/5
  2026 | D:3      | Noticed a sky beast
  2032 | D:3      | Reached skill level 5 in Axes
  2032 | D:3      | Reached *** piety under Uskayaw
  2035 | D:3      | Reached **** piety under Uskayaw
  2046 | D:3      | Killed a sky beast
  2046 | D:3      | Reached ***** piety under Uskayaw
  2047 | D:3      | Reached skill level 1 in Maces & Flails
  2047 | D:3      | Reached skill level 1 in Dodging
  2047 | D:3      | Reached XP level 6. HP: 47/53 MP: 6/6
  2188 | D:3      | Reached skill level 1 in Stealth
  2259 | D:3      | Noticed Robin
  2267 | D:3      | Killed Robin
  3010 | D:3      | Found a burning altar of Makhleb.
  3010 | D:3      | Noticed a cacodemon
  3015 | D:3      | Noticed a smoke demon
  3015 | D:3      | Noticed a ynoxinul
  3191 | D:4      | Reached XP level 7. HP: 60/60 MP: 7/7
  3360 | D:4      | Found a snail-covered altar of Cheibriados.
  3896 | D:4      | Reached skill level 5 in Armour
  4204 | D:4      | Reached skill level 5 in Fighting
  4686 | D:5      | Entered Level 5 of the Dungeon
  4696 | D:5      | Found a broken altar of Ashenzari.
  5120 | D:5      | Reached XP level 8. HP: 36/68 MP: 8/8
  5720 | D:5      | Noticed a yak
  5721 | D:5      | Noticed a yak
  5721 | D:5      | Noticed a yak
  5721 | D:5      | Noticed a yak
  5722 | D:5      | Noticed a yak
  5743 | D:5      | Killed a yak
  5746 | D:5      | Killed a yak
  5747 | D:5      | Reached skill level 5 in Maces & Flails
  5751 | D:5      | Killed a yak
  5760 | D:5      | Killed a yak
  5767 | D:5      | HP: 3/70 [yak (8)]
  5767 | D:5      | Reached ****** piety under Uskayaw
  5768 | D:5      | Killed a yak
  5769 | D:5      | Reached skill level 5 in Shields
  5769 | D:5      | Reached XP level 9. HP: 3/75 MP: 9/9
  6220 | D:5      | Found a staircase to the Ecumenical Temple.
  7701 | D:6      | Found a bloodstained altar of Trog.
  7953 | D:7      | Reached skill level 6 in Axes
  8091 | D:7      | Found a shimmering blue altar of Sif Muna.
  8267 | D:7      | Noticed a hornet
  8275 | D:7      | Paralysed by a hornet for 2 turns
  8288 | D:7      | Killed a hornet
  8960 | D:7      | Reached skill level 7 in Axes
  9820 | D:8      | Found an ornate altar of the Wu Jian Council.
  9899 | D:8      | Noticed Pikel
  9920 | D:8      | Killed Pikel
  9921 | D:8      | Reached skill level 8 in Axes
  9921 | D:8      | Reached XP level 10. HP: 75/86 MP: 10/10
 10096 | D:8      | Reached skill level 9 in Axes
 10248 | D:8      | Noticed Prince Ribbit
 10271 | D:8      | Killed Prince Ribbit
 10498 | D:8      | Noticed Erica
 10526 | D:8      | HP: 1/86 [poisoned by Erica (bolt of poison)]
 10527 | D:8      | Succumbed to Erica's bolt of poison

Illustrated notes

Levels and vault maps discovered:
D:1:      dpeg_arrival_simpleton_c, layout_basic, hex_large,
          minmay_crystal_room, minmay_hedge_maze
D:2:      layout_rooms, hellmonk_ecumenical_altar_inner_sanctum, minmay_between,
          uniq_crazy_yiuf_cottage, uniq_jessica
D:3:      layout_loops_ring, makhleb_altar_promises_db, gup_sewer_entry_bubbles,
          serial_bayou_crossing, uniq_robin
D:4:      layout_layer_cave, kennysheep_slug_shrine, serial_glass,
          glass_columns_a, glass_columns_a, glass_columns_a, glass_columns_b,
          glass_columns_b, glass_columns_a, feat_on_display, item_on_display_a,
          kennysheep_doodads
D:5:      layout_rooms, nicolae_ashenzari_panopticon,
          minmay_temple_entry_slanted
D:6:      layout_gridville, lemuel_doored_altar
D:7:      layout_cave_pods, led_sif_pool
D:8:      layout_cave_pools, nzn_wu_jian_contemplation,
          mainiacjoe_overflow_alcove_2, uniq_erica, uniq_prince_ribbit1,
          uniq_pikel

Skill      XL: |  1  2  3  4  5  6  7  8  9 10 |
---------------+-------------------------------+-----
Axes           | 3 4 5 8 9 |  9.6
Fighting       | 4 5 6 7 |  7.5
Maces & Flails | 1 2 4 6 |  6.6
Armour         | 4 5 6 8 |  8.2
Dodging        | 1 2 3 |  3.1
Stealth        | 1 2 3 |  3.6
Shields        | 4 5 |  5.8

Action                   |  1- 3 |  4- 6 |  7- 9 | 10-12 || total
-------------------------+-------+-------+-------+-------++-------
Melee: War axe           |    77 |    38 |   132 |    71 ||   318
       Mace              |       |   144 |   238 |       ||   382
  Use: Scroll            |     3 |     3 |     6 |       ||    12
       Potion            |       |     1 |     3 |       ||     4
 Stab: Paralysed         |       |     5 |    15 |     3 ||    23
Armor: Scale mail        |    38 |   118 |   155 |       ||   311
       Chain mail        |       |       |    69 |    59 ||   128
Dodge: Dodged            |    50 |   104 |   172 |    25 ||   351
Block: Buckler           |    20 |    57 |   116 |    26 ||   219

Table legend: (Time is in decaauts)
 A = Elapsed time spent in this place.
 B = Non-inter-level travel time spent in this place.
 C = Inter-level travel time spent in this place.
 D = Time resting spent in this place.
 E = Time spent auto-exploring this place.
 F = Levels seen in this place.
 G = Mean time per level.
                   A        B        C        D        E       F      G
               +--------+--------+--------+--------+--------+-----+--------+
         Total |  10744 |  10744 |      0 |   3408 |      0 |   8 | 1343.0 |
       Dungeon |  10744 |  10744 |      0 |   3408 |      0 |   8 | 1343.0 |
               +--------+--------+--------+--------+--------+-----+--------+

Top non-repeatable levels by time:
     D:5: 1766 daAuts
     D:7: 1724 daAuts
     D:4: 1529 daAuts
     D:6: 1516 daAuts
     D:3: 1294 daAuts
     D:1: 1203 daAuts
     D:8: 877 daAuts
     D:2: 833 daAuts
